General information
- name: BNet
- type: Ladder team game (AT/RT)
- host: Battle.net
- saver: Vespasian
map: Cherryville
- players: 8
- length: 23:27
- speed: Fast
- version: 1.26 W3XP
- replay type: Public
» download(182 KB)
Players
team 1 (loser)
lnn_1114 (
teal | 122 APM | 1926 actions | 15:49)
5 Death Knight
3 Death Coil
2 Unholy Aura
1 Lich
1 Frost Nova
» actions
| Assign group hotkey | 69 | |
| Basic commands | 63 | |
| Build / train | 51 | |
| Enter build submenu | 21 | |
| Enter hero's abilities submenu | 7 | |
| Give item / drop item | 4 | |
| Right click | 576 | |
| Select / deselect | 398 | |
| Select group hotkey | 647 | |
| Use ability | 90 | |
1926 total
» units
| Acolyte | 10 | |
| Ghoul | 2 | |
| Crypt Fiend | 9 | |
21 total
» upgrades
» buildings
| Graveyard | 1 | |
| Crypt | 1 | |
| Ziggurat | 7 | |
| Altar of Darkness | 1 | |
| Tomb of Relics | 3 | |
| Halls of the Dead | 2 | |
| Necropolis | 3 | |
| Black Citadel | 1 | |
| Nerubian Tower | 1 | |
| Spirit Tower | 3 | |
| Sacrificial Pit | 1 | |
| Boneyard | 1 | |
25 total
» build order
00:16 Graveyard
00:24 Crypt
00:47 Ziggurat
01:03 Altar of Darkness
01:33 Tomb of Relics
02:06 Ziggurat
03:23 Halls of the Dead
03:23 Halls of the Dead
04:06 Ziggurat
06:31 Necropolis
07:24 Necropolis
07:30 Black Citadel
07:59 Ziggurat
08:01 Ziggurat
08:56 Nerubian Tower
08:57 Spirit Tower
09:01 Tomb of Relics
11:52 Sacrificial Pit
13:54 Necropolis
13:55 Ziggurat
13:56 Ziggurat
14:01 Tomb of Relics
14:39 Boneyard
15:04 Spirit Tower
15:06 Spirit Tower
» items
| Rod of Necromancy | 3 | |
| Sacrificial Skull | 2 | |
| Potion of Healing | 3 | |
| Orb of Corruption | 1 | |
| Scroll of Healing | 1 | |
| Scroll of Town Portal | 2 | |
| Potion of Mana | 1 | |
13 total

»
slalTlqkfrotoRl (
red | 87 APM | 1938 actions | 22:09)
3 Blademaster
2 Wind Walk
1 Critical Strike
1 Lich
1 Frost Armor
» actions
| Assign group hotkey | 49 | |
| Basic commands | 43 | |
| Build / train | 48 | |
| ESC pressed | 5 | |
| Enter build submenu | 18 | |
| Enter hero's abilities submenu | 4 | |
| Give item / drop item | 9 | |
| Right click | 1191 | |
| Select / deselect | 269 | |
| Select group hotkey | 229 | |
| Use ability | 73 | |
1938 total
» units
| Peon | 9 | |
| Raider | 5 | |
| Troll Batrider | 2 | |
| Shaman | 1 | |
17 total
» upgrades
| Pillage | 1 | |
| Melee Weapons | 2 | |
| Armor | 1 | |
| Ensnare | 1 | |
| Shaman Training | 2 | |
7 total
» buildings
| Orc Burrow | 6 | |
| Altar of Storms | 2 | |
| Voodoo Lounge | 2 | |
| Stronghold | 1 | |
| War Mill | 1 | |
| Beastiary | 2 | |
| Fortress | 1 | |
| Spirit Lodge | 1 | |
| Watch Tower | 1 | |
17 total
» build order
00:13 Orc Burrow
00:19 Altar of Storms
01:23 Voodoo Lounge
01:36 Orc Burrow
02:18 Stronghold
03:25 War Mill
03:30 Orc Burrow
04:15 Orc Burrow
04:48 Beastiary
04:57 Beastiary
06:33 Orc Burrow
09:52 Fortress
11:07 Spirit Lodge
13:17 Watch Tower
15:32 Altar of Storms
15:40 Orc Burrow
15:47 Voodoo Lounge
» items
| Healing Salve | 1 | |
| Scroll of Speed | 1 | |
| Boots of Speed | 1 | |
| Scroll of Regeneration | 2 | |
| Scroll of Town Portal | 2 | |
7 total
condenz (
green | 28 APM | 631 actions | 22:09)
2 Archmage
1 Blizzard
1 Brilliance Aura
» actions
| Basic commands | 57 | |
| Build / train | 47 | |
| Enter build submenu | 12 | |
| Enter hero's abilities submenu | 2 | |
| Remove unit from queue | 1 | |
| Right click | 310 | |
| Select / deselect | 173 | |
| Use ability | 29 | |
631 total
» units
» upgrades
| Lumber Harvesting | 2 | |
| Gunpowder | 3 | |
| Plating | 3 | |
| Barrage | 1 | |
| Masonry | 1 | |
10 total
» buildings
| Altar of Kings | 1 | |
| Farm | 11 | |
| Lumber Mill | 1 | |
| Town Hall | 1 | |
| Keep | 1 | |
| Blacksmith | 1 | |
| Castle | 1 | |
| Workshop | 4 | |
21 total
» build order
00:10 Altar of Kings
00:15 Farm
00:59 Farm
01:24 Lumber Mill
03:46 Town Hall
04:11 Keep
04:18 Blacksmith
06:34 Castle
08:05 Workshop
08:10 Workshop
08:16 Workshop
08:30 Workshop
08:51 Farm
08:52 Farm
08:54 Farm
08:55 Farm
08:56 Farm
08:57 Farm
08:59 Farm
09:00 Farm
09:00 Farm
East_Coast_ (
blue | 64 APM | 1420 actions | 22:09)
1 Archmage
1 Blizzard
1 Paladin
1 Devotion Aura
» actions
| Assign group hotkey | 27 | |
| Basic commands | 23 | |
| Build / train | 47 | |
| ESC pressed | 8 | |
| Enter build submenu | 29 | |
| Enter hero's abilities submenu | 2 | |
| Right click | 767 | |
| Select / deselect | 254 | |
| Select group hotkey | 91 | |
| Use ability | 172 | |
1420 total
» units
| Peasant | 12 | |
| Mortar Team | 6 | |
| Siege Engine | 4 | |
22 total
» upgrades
| Gunpowder | 3 | |
| Plating | 2 | |
| Fragmentation Shards | 1 | |
| Barrage | 1 | |
7 total
» buildings
| Farm | 8 | |
| Scout Tower | 5 | |
| Arcane Tower | 5 | |
| Keep | 1 | |
| Altar of Kings | 1 | |
| Blacksmith | 2 | |
| Castle | 1 | |
| Workshop | 3 | |
| Arcane Vault | 2 | |
| Ziggurat | 6 | |
| Necropolis | 20 | |
54 total
» build order
00:09 Farm
00:21 Scout Tower
00:32 Scout Tower
00:54 Arcane Tower
00:59 Scout Tower
01:23 Arcane Tower
01:31 Scout Tower
01:55 Arcane Tower
02:15 Arcane Tower
03:06 Keep
03:14 Scout Tower
03:39 Altar of Kings
03:50 Blacksmith
03:52 Arcane Tower
04:01 Blacksmith
04:37 Farm
04:47 Farm
05:27 Castle
05:33 Farm
06:09 Workshop
06:15 Arcane Vault
06:51 Workshop
07:28 Farm
07:34 Workshop
08:32 Arcane Vault
08:37 Farm
09:06 Farm
10:23 Farm
20:46 Ziggurat
20:48 Ziggurat
20:49 Ziggurat
20:52 Ziggurat
20:54 Ziggurat
20:56 Ziggurat
21:04 Necropolis
21:12 Necropolis
21:14 Necropolis
21:14 Necropolis
21:15 Necropolis
21:15 Necropolis
21:15 Necropolis
21:15 Necropolis
21:16 Necropolis
21:16 Necropolis
21:16 Necropolis
21:16 Necropolis
21:17 Necropolis
21:17 Necropolis
» items
| Mechanical Critter | 6 | |
| Potion of Healing | 1 | |
7 total
team 2 (winner)

»
Exuronos (
yellow | 42 APM | 938 actions | 22:09)
4 Keeper of the Grove
2 Force of Nature
2 Thorns Aura
» actions
| Assign group hotkey | 15 | |
| Build / train | 52 | |
| Enter build submenu | 41 | |
| Enter hero's abilities submenu | 4 | |
| Remove unit from queue | 2 | |
| Right click | 364 | |
| Select / deselect | 296 | |
| Select group hotkey | 98 | |
| Use ability | 65 | |
938 total
» units
| Wisp | 27 | |
| Archer | 1 | |
| Huntress | 8 | |
| Glaive Thrower | 3 | |
39 total
» upgrades
| Strength of the Moon | 1 | |
| Moon Armor | 1 | |
| Ultravision | 1 | |
3 total
» buildings
| Altar of Elders | 1 | |
| Moon Well | 15 | |
| Ancient of War | 2 | |
| Hunter's Hall | 2 | |
| Tree of Life | 3 | |
| Tree of Ages | 3 | |
| Ancient Protector | 9 | |
35 total
» build order
00:09 Altar of Elders
00:20 Moon Well
01:09 Moon Well
01:36 Ancient of War
02:04 Hunter's Hall
02:17 Moon Well
03:19 Moon Well
06:09 Tree of Life
06:33 Tree of Ages
07:58 Moon Well
08:04 Moon Well
08:08 Tree of Ages
08:42 Ancient Protector
09:16 Tree of Life
09:33 Ancient Protector
09:47 Ancient Protector
09:52 Ancient Protector
10:46 Tree of Life
13:10 Tree of Ages
16:48 Hunter's Hall
16:56 Moon Well
17:31 Moon Well
17:55 Ancient Protector
17:57 Ancient Protector
18:10 Moon Well
18:30 Moon Well
19:08 Moon Well
19:32 Moon Well
19:50 Moon Well
19:54 Moon Well
19:56 Moon Well
20:04 Ancient Protector
20:09 Ancient Protector
20:11 Ancient Protector
20:23 Tree of Ages
21:40 Ancient of War
trevster881 (
orange | 86 APM | 1906 actions | 22:09)
4 Blademaster
2 Wind Walk
2 Critical Strike
2 Shadow Hunter
1 Healing Wave
1 Hex
» actions
| Assign group hotkey | 13 | |
| Basic commands | 118 | |
| Build / train | 54 | |
| Enter build submenu | 22 | |
| Enter hero's abilities submenu | 6 | |
| Remove unit from queue | 1 | |
| Right click | 1111 | |
| Select / deselect | 255 | |
| Select group hotkey | 265 | |
| Use ability | 61 | |
1906 total
» units
| Peon | 9 | |
| Grunt | 8 | |
| Troll Headhunter/Berserker | 6 | |
| Raider | 6 | |
| Wind Rider | 2 | |
31 total
» upgrades
| Berserker Strength | 1 | |
| Berserker Upgrade | 1 | |
| Armor | 2 | |
| Melee Weapons | 1 | |
| Ensnare | 1 | |
6 total
» buildings
| Orc Burrow | 9 | |
| Altar of Storms | 1 | |
| Barracks | 2 | |
| Voodoo Lounge | 1 | |
| Stronghold | 1 | |
| War Mill | 1 | |
| Fortress | 1 | |
| Watch Tower | 3 | |
| Beastiary | 1 | |
| Great Hall | 2 | |
22 total
» build order
00:06 Orc Burrow
00:14 Altar of Storms
00:49 Barracks
01:20 Orc Burrow
02:08 Voodoo Lounge
03:30 Orc Burrow
03:39 Barracks
04:19 Stronghold
05:02 Orc Burrow
05:37 War Mill
07:44 Fortress
08:24 Orc Burrow
08:32 Watch Tower
09:31 Watch Tower
09:51 Watch Tower
10:03 Beastiary
12:34 Great Hall
15:30 Orc Burrow
21:45 Great Hall
21:59 Orc Burrow
22:01 Orc Burrow
22:04 Orc Burrow
» items
| Healing Salve | 3 | |
| Scroll of Town Portal | 2 | |
5 total

»
Vespasian (
purple | 113 APM | 2496 actions | 22:09)
5 Warden
3 Fan of Knives
2 Blink
» actions
| Assign group hotkey | 45 | |
| Basic commands | 70 | |
| Build / train | 111 | |
| ESC pressed | 22 | |
| Enter build submenu | 37 | |
| Enter hero's abilities submenu | 5 | |
| Give item / drop item | 3 | |
| Right click | 1063 | |
| Select / deselect | 384 | |
| Select group hotkey | 601 | |
| Use ability | 155 | |
2496 total
» units
| Wisp | 38 | |
| Archer | 9 | |
| Huntress | 10 | |
| Druid of the Claw | 1 | |
| Dryad | 7 | |
65 total
» upgrades
| Strength of the Wild | 4 | |
| Reinforced Hides | 2 | |
| Moon Armor | 1 | |
| Ultravision | 1 | |
| Sentinel | 1 | |
| Strength of the Moon | 1 | |
| Nature's Blessing | 1 | |
| Druid of the Claw Training | 2 | |
| Improved Bows | 1 | |
| Abolish Magic | 2 | |
| Well Spring | 1 | |
17 total
» buildings
| Altar of Elders | 2 | |
| Ancient of War | 1 | |
| Moon Well | 8 | |
| Hunter's Hall | 3 | |
| Tree of Ages | 8 | |
| Ancient Protector | 8 | |
| Tree of Life | 2 | |
| Ancient of Lore | 3 | |
| Tree of Eternity | 6 | |
| Ancient of Wonders | 1 | |
42 total
» build order
00:08 Altar of Elders
00:11 Ancient of War
00:16 Moon Well
01:40 Moon Well
02:24 Hunter's Hall
02:58 Moon Well
03:20 Moon Well
04:15 Tree of Ages
04:15 Tree of Ages
04:16 Tree of Ages
05:34 Ancient Protector
06:25 Tree of Life
06:31 Ancient Protector
07:49 Ancient Protector
08:03 Ancient Protector
08:30 Ancient Protector
08:32 Ancient Protector
08:35 Ancient Protector
09:34 Ancient Protector
10:37 Ancient of Lore
11:47 Tree of Eternity
13:08 Ancient of Lore
13:10 Ancient of Lore
14:03 Tree of Ages
14:04 Tree of Ages
14:04 Tree of Ages
15:42 Moon Well
15:47 Moon Well
15:52 Moon Well
16:46 Tree of Life
17:34 Altar of Elders
18:11 Hunter's Hall
18:30 Hunter's Hall
19:31 Ancient of Wonders
19:34 Tree of Eternity
19:34 Tree of Eternity
19:35 Tree of Eternity
21:50 Moon Well
» items
| Boots of Speed | 1 | |
| Staff of Teleportation | 1 | |
| Potion of Lesser Invulnerability | 1 | |
| Potion of Invisibility | 1 | |
| Scroll of Town Portal | 1 | |
| Orb of Venom | 1 | |
6 total
gregsimoneau (
pink | 32 APM | 720 actions | 22:09)
6 Demon Hunter
3 Immolation
2 Mana Burn
1 Metamorphosis
4 Priestess of the Moon
2 Trueshot Aura
2 Searing Arrows
» actions
| Basic commands | 7 | |
| Build / train | 56 | |
| Enter build submenu | 13 | |
| Enter hero's abilities submenu | 10 | |
| Give item / drop item | 6 | |
| Right click | 422 | |
| Select / deselect | 146 | |
| Use ability | 60 | |
720 total
» units
| Wisp | 10 | |
| Archer | 12 | |
| Hippogryph | 6 | |
28 total
» upgrades
| Strength of the Moon | 3 | |
| Moon Armor | 3 | |
| Improved Bows | 1 | |
| Hippogryph Taming | 1 | |
| Marksmanship | 1 | |
| Ultravision | 1 | |
| Well Spring | 1 | |
11 total
» buildings
| Moon Well | 6 | |
| Altar of Elders | 1 | |
| Ancient of War | 1 | |
| Ancient of Wonders | 1 | |
| Hunter's Hall | 1 | |
| Tree of Ages | 1 | |
| Ancient of Wind | 3 | |
| Tree of Eternity | 1 | |
15 total
» build order
00:35 Moon Well
00:40 Altar of Elders
01:05 Ancient of War
01:30 Moon Well
01:49 Ancient of Wonders
02:41 Hunter's Hall
03:30 Moon Well
04:23 Moon Well
04:28 Tree of Ages
05:44 Moon Well
05:50 Moon Well
06:53 Ancient of Wind
06:57 Ancient of Wind
07:02 Ancient of Wind
16:59 Tree of Eternity
» items
| Periapt of Vitality | 1 | |
| Boots of Speed | 1 | |
| Scroll of Healing | 1 | |
3 total
Chat log
(00:29 / Allies) trevster881: sup dudes
(00:32 / Allies) Vespasian: sup
(00:33 / Allies) Exuronos: yo
(00:35 / Allies) Exuronos: i got hunts
(00:41 / Allies) trevster881: sweet
(00:44 / Allies) Vespasian: Almost won a 1v4, lost it though just now
(00:56 / Allies) Vespasian: let's make this a good win to make up for it
(08:37 / Allies) trevster881: wanna push?
(08:43 / Allies) Vespasian: ok creep shop first
(08:44 / Allies) gregsimoneau: gold plz
(08:53 / Allies) Exuronos: theyre clearing our creeps
(08:58 / Allies) trevster881: got it
(09:26 / Allies) Exuronos: oh well, got an expo
(10:49 / Allies) Exuronos: fucking dykes
(11:22 / Allies) Exuronos: kill red
(11:23 / Allies) Exuronos: now
(11:34 / Allies) Exuronos: hes massing bats
(12:09 / All) East_Coast_: nice lag
(12:29 / Allies) Exuronos: clicked the wrong damn base lol
(12:52 / Allies) Exuronos: purp, lumber for gold?
(13:05 / Allies) Vespasian: ty
(13:08 / Allies) Exuronos: you too
(13:40 / All) East_Coast_: no allies. lol teal is afk or really dumb
(14:25 / All) East_Coast_: not worth playing
(14:27 / All) East_Coast_: stupid allies
(14:29 / All) East_Coast_: IM OUT
(14:44 / All) East_Coast_: teal is one of the stupidest players ive seen in months
(14:48 / All) East_Coast_: fing worthless
(14:55 / All) Vespasian: lol
(15:11 / All) East_Coast_: so I tk him now :)
(15:21 / All) Vespasian: Go ahead, you lost anyway, speeds it up
(15:58 / All) East_Coast_: teal is so fucking stupid he doesnt know why I tk him
(16:02 / All) East_Coast_: Fing kids, SO WORTHLESS
(16:07 / All) Vespasian: Mad?
(16:10 / All) East_Coast_: green is even worse
(16:13 / All) East_Coast_: faggot has 5,000 gold
(16:14 / Allies) trevster881: kill
(16:15 / All) East_Coast_: does nothing all game
(16:19 / All) East_Coast_: MOTHER FUCKER I HATE MORONS
(16:32 / All) gregsimoneau: cry more plz
(16:41 / All) East_Coast_: red ur an idiot also kid
(16:43 / All) East_Coast_: tk green faggot
(16:47 / All) East_Coast_: all he did was jew gold
(16:47 / All) gregsimoneau: dont mass tanks next time
(16:52 / All) East_Coast_: fucking 6k
(16:53 / All) East_Coast_: nigger
(17:01 / All) East_Coast_: you kids are morons.you deserve to lose LOL
(18:09 / Allies) trevster881: omw
(18:28 / Allies) trevster881: GJ
(18:38 / Allies) Vespasian: surprised we won this I hate playing ne
(18:52 / All) East_Coast_: LOOL
(19:08 / All) East_Coast_: fucking losers tried to kill me
(19:08 / All) Vespasian: I shall pause so you can leave. The shortcut is Alt+QQ if you didn't know ^^
(19:09 / All) East_Coast_: hahahaha
(20:26 / All) East_Coast_: LOL
(21:31 / All) East_Coast_: LMFAO
(21:35 / All) East_Coast_: THESE KIDS ARE SO GAY
(21:37 / All) Vespasian: Are you having a good time, blue?
(21:38 / All) Vespasian: I am
(21:38 / All) East_Coast_: ITS HILIARIOUS
(21:52 / All) East_Coast_: AGAGA
(21:54 / All) East_Coast_: so funny
(21:55 / All) condenz: rofl whats hilarious
(22:00 / All) East_Coast_: they tried so hard to kill me :)
(22:03 / All) East_Coast_: even more than u guys
(22:04 / All) East_Coast_: AHHAAH
(22:09 / All) Vespasian: gg